[Event "GER-ch Blitz 2019"]
[Site "Magdeburg"]
[Date "2019.05.25"]
[Round "8.4"]
[White "Buhmann, Rainer"]
[Black "Svane, Frederik"]
[Result "1-0"]
[ECO "E73"]
[WhiteElo "2573"]
[BlackElo "2342"]
[Annotator "ChessBase"]
[PlyCount "93"]
[EventDate "2019.05.25"]
[EventType "tourn"]
[EventCountry "GER"]
[Tiebreak "Number of wins+Number of black wins"]
[SourceTitle "playchess.com"]
[Source "ChessBase"]
[SourceQuality "1"]
[TimeControl "180+2"]

1. d4 Nf6 2. c4 g6 3. Nc3 Bg7 4. e4 d6 5. Be2 O-O 6. Be3 e5 7. d5 Na6 8. g4 Nc5 9. f3 h5 10. h4 c6 11. b4 Na6 12. a3 Nc7 13. g5 Nfe8 14. Nh3 cxd5 15. cxd5 Bd7 16. Nf2 f5 17. Nd3 Nb5 18. Nxb5 Bxb5 19. Nf2 Bd7 20. Bd3 a5 21. O-O b5 22. Qe2 a4 23. Bxb5 fxe4 24. fxe4 Rb8 25. Bxd7 Qxd7 26. Kg2 Nc7 27. Qd3 Nb5 28. Rac1 Rf7 29.
Rc6 Nd4 30. Bxd4 exd4 31. Qh3 Qe7 32. Qe6 Qxe6 33. dxe6 Re7 34. Rxd6 Rbe8 35. Nd3 Rxe6 36. Rxe6 Rxe6 37. e5 Rc6 38. Rf3 Rc2+ 39. Kg3 Rc3 40. e6 Bf8 41. Nc5 Bd6+ 42. Kg2 Rc2+ 43. Rf2 Rc3 44. Ne4 Rc6 45. Nxd6 Rxd6 46. e7 Re6 47. Rf8+ 1-0

[Event "GER-ch Blitz 2019"]
[Site "Magdeburg"]
[Date "2019.05.25"]
[Round "8.5"]
[White "Schulze, Marc"]
[Black "Baskin, Robert"]
[Result "1-0"]
[ECO "D02"]
[WhiteElo "2220"]
[BlackElo "2398"]
[Annotator "NA"]
[PlyCount "63"]
[EventDate "2019.05.25"]
[EventType "tourn"]
[EventCountry "GER"]
[Tiebreak "Number of wins+Number of black wins"]
[SourceTitle "playchess.com"]
[Source "ChessBase"]
[SourceQuality "1"]
[TimeControl "180+2"]

1. d4 Nf6 2. Bf4 d5 3. Nf3 c5 4. e3 Nc6 5. c3 Qb6 6. Qb3 c4 7. Qc2 Bf5 8. Qc1 e6 9. Nbd2 h6 10. h3 Be7 11. b3 Qa5 12. a4 cxb3 13. Nxb3 Qd8 14. a5 Rc8 15. a6 Qb6 16. axb7 Qxb7 17. Qb2 a5 18. Ne5 Nxe5 19. Bxe5 Ne4 20. Rxa5 Nxc3 21. Ba6 Qb4 22. O-O Ra8 23. Rc1 Bd8 24. Bb5+ Qxb5 25. Rxb5 Nxb5 26. Nc5 Na3 27. Ra1 O-O 28. Rxa3 Rxa3 29. Qxa3 Be7 30. Qa7 Re8 31. Qd7 Kf8 32. Bxg7+ 1-0

[Event "GER-ch Blitz 2019"]
[Site "Magdeburg"]
[Date "2019.05.25"]
[Round "8.6"]
[White "Koch, Thomas"]
[Black "Zelbel, Patrick"]
[Result "1-0"]
[ECO "A61"]
[WhiteElo "2474"]
[BlackElo "2439"]
[Annotator "ChessBase"]
[PlyCount "87"]
[EventDate "2019.05.25"]
[EventType "tourn"]
[EventCountry "GER"]
[Tiebreak "Number of wins+Number of black wins"]
[SourceTitle "playchess.com"]
[Source "ChessBase"]
[SourceQuality "1"]
[TimeControl "180+2"]

1. d4 Nf6 2. c4 e6 3. Nf3 c5 4. d5 exd5 5. cxd5 d6 6. Nc3 g6 7. Nd2 Bg7 8. e4 O-O 9. Be2 a6 10. a4 Nbd7 11. O-O Re8 12. Ra3 Ne5 13. h3 g5 14. a5 Bd7 15.
Nf3 Nxf3+ 16. Bxf3 h6 17.
Re1 Rb8 18. Bd2 b5 19. axb6 Qxb6 20. Bc1 Bc8 21. Qc2 Nd7 22. Be2 Ne5 23. Kh2 Ng6 24. g3 a5 25. Kg2 Ba6 26. Bxa6 Qxa6 27. Qe2 Qb6 28. Qh5 Qd8 29. Re2 Rb4 30. Re1 Kh7 31. Qf3 Kg8 32. Nd1 Qb6 33. Bd2 Rb5 34. Bc3 Ne5 35. Qe2 Rb8 36. Ne3 Qd8 37. Nf5 Bf8 38. Rea1 Kh7 39. Rxa5 Rxa5 40. Rxa5 Qd7 41. Ra6 Rb7 42. Bxe5 dxe5 43. Qh5 Qb5 44. Rxh6+ 1-0

[Event "GER-ch Blitz 2019"]
[Site "Magdeburg"]
[Date "2019.05.25"]
[Round "8.7"]
[White "Kopylov, Daniel"]
[Black "Wichmann, Cliff"]
[Result "0-1"]
[ECO "C01"]
[WhiteElo "2263"]
[BlackElo "2280"]
[Annotator "NA"]
[PlyCount "94"]
[EventDate "2019.05.25"]
[EventType "tourn"]
[EventCountry "GER"]
[Tiebreak "Number of wins+Number of black wins"]
[SourceTitle "playchess.com"]
[Source "ChessBase"]
[SourceQuality "1"]
[TimeControl "180+2"]

1. e4 e6 2. d4 d5 3. exd5 exd5 4. Nf3 Bd6 5. c4 Nf6 6. Nc3 O-O 7. cxd5 Re8+ 8. Be2 Nbd7 9. Bg5 h6 10. Bh4 Nb6 11. O-O Be7 12. Bxf6 Bxf6 13. Qb3 Nxd5 14. Qxd5 Qxd5 15. Nxd5 Rxe2 16. Nxc7 Rb8 17. Nd5 Rxb2 18. Nxf6+ gxf6 19. Rfe1 Be6 20. a3 Rd8 21. Rab1 Rxb1 22. Rxb1 Bd5 23. Rd1 Rc8 24. Nh4 Rc3 25. Nf5 Be6 26. Nd6 b6 27. h3 Rxa3 28. Ne8 Kf8 29. Nxf6 Ke7 30. Ng8+ Kd6 31. Nxh6 b5 32. d5 Bd7 33. Nxf7+ Ke7 34. Ne5 b4 35. d6+ Ke6 36. Nc4 Rc3 37. Re1+ Kd5 38. Ne3+ Kxd6 39. Rd1+ Kc6 40. Nd5 Rc4 41. Ne7+ Kc7 42. Nd5+ Kc8 43. Ne7+ Kd8 44. Ng6 Rc7 45. Ne5 b3 46. g4 b2 47. Nxd7 Rc1 0-1

[Event "GER-ch Blitz 2019"]
[Site "Magdeburg"]
[Date "2019.05.25"]
[Round "8.8"]
[White "Feuerstack, Aljoscha"]
[Black "Schmaltz, Roland"]
[Result "0-1"]
[ECO "B00"]
[WhiteElo "2441"]
[BlackElo "2461"]
[Annotator "ChessBase"]
[PlyCount "65"]
[EventDate "2019.05.25"]
[EventType "tourn"]
[EventCountry "GER"]
[Tiebreak "Number of wins+Number of black wins"]
[SourceTitle "playchess.com"]
[Source "ChessBase"]
[SourceQuality "1"]
[TimeControl "180+2"]

1. e4 d6 2. d4 Nf6 3. Bd3 g6 4. Nf3 Bg7 5. h3 O-O 6. O-O Nc6 7. c3 e5 8. Re1 h6 9. Na3 Nh5 10. Nc2 Qf6 11. b4 a6 12. a4 Nf4 13. Bxf4 Qxf4 14. Ne3 Qf6 15.
b5 Nb8 16. dxe5 dxe5 17. Bc4 c6 18. Ng4 Qe7 19. Qd2 Bxg4 20.
hxg4 axb5 21. axb5 Nd7 22. bxc6 bxc6 23. Red1 Rxa1 24. Rxa1 Nf6 25. Ra6 Qc5 26. Qe2 Nxg4 27. Nd2 h5 28. Kf1 Rd8 29. Ra2 Bh6 30. Nb3 Qe7 31. Ra1 Qh4 32. Ke1 Be3 33. g3 0-1

[Event "GER-ch Blitz 2019"]
[Site "Magdeburg"]
[Date "2019.05.25"]
[Round "8.9"]
[White "Stein, Robert"]
[Black "Voege, Tobias"]
[Result "1-0"]
[ECO "D07"]
[WhiteElo "2318"]
[BlackElo "2294"]
[Annotator "NA"]
[PlyCount "137"]
[EventDate "2019.05.25"]
[EventType "tourn"]
[EventCountry "GER"]
[Tiebreak "Number of wins+Number of black wins"]
[SourceTitle "playchess.com"]
[Source "ChessBase"]
[SourceQuality "1"]
[TimeControl "180+2"]

1. d4 d5 2. c4 Nc6 3. cxd5 Qxd5 4. e3 e5 5. Nc3 Bb4 6. a3 Bxc3+ 7. bxc3 Nf6 8. c4 Qd6 9. d5 Nb8 10. a4 Nbd7 11. Ba3 Nc5 12.
Nf3 Bg4 13. Be2 b6 14. O-O O-O 15. Nd2 Bxe2 16. Qxe2 Nfd7 17. Ne4 Qe7 18. Nxc5 Nxc5 19. Rab1 c6 20. Rfd1 e4 21. a5 Rfc8 22. Qh5 g6 23. Qh6 cxd5 24. Rxd5 Qc7 25. axb6 axb6 26. Bxc5 bxc5 27. Qg5 Ra4 28. h4 Kg7 29. h5 h6 30. Qg4 Rd8 31. hxg6 Rxd5 32. cxd5 fxg6 33. Qe6 Qf7 34. Qe5+ Kh7 35. d6 Ra7 36. Qxc5 Rd7 37. Qe5 Qf5 38. Qd4 Qe6 39. Rb8 Rg7 40. Rb5 Rd7 41. Rd5 h5 42. Qc5 Qf6 43. Rd4 Qe6 44.
Qc6 Qf5 45. Rxe4 Kh6 46. Re7 Rd8 47. Qc7 Qf6 48. Rh7+ Kg5 49.
Qc5+ Qf5 50. Qxf5+ Kxf5 51. d7 Ke6 52. Kh2 Kd6 53. Kg3 Kc7 54.
f4 Rg8 55. Kh4 Rf8 56. Kg5 Rg8 57. e4 Kd8 58. e5 h4 59. e6 h3 60. Rxh3 Ke7 61. Rd3 Rd8 62. Re3 Rf8 63. g4 Ra8 64. Kxg6 Rg8+ 65. Kf5 Rf8+ 66. Ke5 Ra8 67. Rd3 Ra5+ 68. Rd5 Ra8 69. d8=Q+ 1-0

[Event "GER-ch Blitz 2019"]
[Site "Magdeburg"]
[Date "2019.05.25"]
[Round "8.10"]
[White "Braeuning, Rudolf Wilhelm"]
[Black "Zuyev, Igor"]
[Result "1-0"]
[ECO "B22"]
[WhiteElo "2285"]
[BlackElo "2447"]
[Annotator "NA"]
[PlyCount "79"]
[EventDate "2019.05.25"]
[EventType "tourn"]
[EventCountry "GER"]
[Tiebreak "Number of wins+Number of black wins"]
[SourceTitle "playchess.com"]
[Source "ChessBase"]
[SourceQuality "1"]
[TimeControl "180+2"]

1. e4 c5 2. c3 g6 3. d4 cxd4 4. cxd4 d5 5. exd5 Nf6 6. Nc3 Nxd5 7. Qb3 Nb6 8. Bb5+ Bd7 9. a4 Nc6 10. Nf3 a6 11. Bxc6 Bxc6 12. Ne5 Nd5 13.
Nxc6 bxc6 14. Nxd5 Qxd5 15. Qxd5 cxd5 16. Bf4 Bg7 17. O-O-O Rc8+ 18. Kb1 Rc4 19. b3 Rxd4 20. Rxd4 Bxd4 21. Rd1 Bxf2 22. Rxd5 f6 23. Ra5 Kf7 24. Rxa6 e5 25. Bg3 Bxg3 26. hxg3 Rc8 27. Ra7+ Ke6 28. Rxh7 Rc3 29. Kb2 Rxg3 30. a5 Rxg2+ 31. Ka3 Rc2 32. b4 f5 33. a6 Rc1 34. a7 Rc8 35. b5 Ra8 36. b6 Kd6 37.
Kb4 Kc6 38. Ka5 g5 39. Ka6 f4 40. b7 1-0

[Event "GER-ch Blitz 2019"]
[Site "Magdeburg"]
[Date "2019.05.25"]
[Round "8.11"]
[White "Frischmann, Rick"]
[Black "Heistermann, Till"]
[Result "1-0"]
[ECO "C41"]
[WhiteElo "2320"]
[BlackElo "2181"]
[Annotator "NA"]
[PlyCount "83"]
[EventDate "2019.05.25"]
[EventType "tourn"]
[EventCountry "GER"]
[Tiebreak "Number of wins+Number of black wins"]
[SourceTitle "playchess.com"]
[Source "ChessBase"]
[SourceQuality "1"]
[TimeControl "180+2"]

1. e4 d6 2. d4 e5 3. Nf3 exd4 4. Nxd4 Nf6 5. Nc3 Be7 6. Be2 O-O 7. Bf4 Nc6 8. Qd2 Nxd4 9. Qxd4 Be6 10. O-O-O a6 11. Qe3 b5 12. e5 Ne8 13. Ne4 Qb8 14.
exd6 Nxd6 15. Nxd6 Bxd6 16. Bxd6 cxd6 17. Kb1 Qc7 18. Rd2 Rfd8 19. Rhd1 Rd7 20. f4 Rad8 21. g4 Bc4 22. Bf3 b4 23. f5 Re7 24. Qd4 a5 25. g5 Rde8 26. f6 Re5 27. h4 Re3 28. Bg2 a4 29.
b3 axb3 30. axb3 Ba6 31. Bd5 Bb7 32. Qxb4 Bxd5 33. Rxd5 Re2 34. R5d2 R2e4 35. Qxd6 Qc3 36. Qd3 Qe5 37. fxg7 Ra8 38. c3 Re3 39. Qd4 Qf5+ 40. Kb2 Re7 41. Qf6 Rea7 42. Rd8+ 1-0

[Event "GER-ch Blitz 2019"]
[Site "Magdeburg"]
[Date "2019.05.25"]
[Round "8.12"]
[White "Barzen, Pascal"]
[Black "Hirneise, Jens"]
[Result "1/2-1/2"]
[ECO "B25"]
[WhiteElo "2292"]
[BlackElo "2375"]
[Annotator "NA"]
[PlyCount "114"]
[EventDate "2019.05.25"]
[EventType "tourn"]
[EventCountry "GER"]
[Tiebreak "Number of wins+Number of black wins"]
[SourceTitle "playchess.com"]
[Source "ChessBase"]
[SourceQuality "1"]
[TimeControl "180+2"]

1. e4 c5 2. Nc3 Nc6 3. g3 g6 4. Bg2 Bg7 5. d3 d6 6. f4 e6 7. Nf3 Nge7 8. O-O Qd7 9. Be3 Nd4 10. e5 O-O 11. Nxd4 cxd4 12. Bxd4 dxe5 13. Bc5 exf4 14. Rxf4 Qc7 15. d4 Rd8 16. Nb5 Qd7 17. Nd6 Nf5 18.
Nxf5 exf5 19. c3 Qc7 20. Qd2 Be6 21. Rff1 Qxc5 22. Qe3 Qb6 23. Qe2 Bd5 24. Rfe1 Bxg2 25. Qxg2 Re8 26. Re2 Rxe2 27. Qxe2 Bf6 28. Re1 Kg7 29. a3 a5 30. Qd2 h5 31. Re2 h4 32. Qe3 hxg3 33. hxg3 Rh8 34. Qf3 Rd8 35. Rf2 Qd6 36. Kg2 Rd7 37. Re2 b5 38. Re1 b4 39. axb4 axb4 40. Re2 bxc3 41. bxc3 Rc7 42. Re3 Rd7 43. Re2 Rc7 44. Re3 Bg5 45. Rd3 Bf6 46. Rd2 Qa3 47. Rd3 Re7 48. Rd2 Qc1 49. Qf2 Rc7 50. d5 Qxc3 51. d6 Qc6+ 52.
Kf1 Rd7 53. Qf4 Qb5+ 54. Kg1 Qc5+ 55. Kf1 Be5 56. Qf3 Rxd6 57. Rxd6 Qxd6 1/2-1/2

[Event "GER-ch Blitz 2019"]
[Site "Magdeburg"]
[Date "2019.05.25"]
[Round "8.13"]
[White "Stern, Rene"]
[Black "Hebbinghaus, Holger"]
[Result "1/2-1/2"]
[ECO "A06"]
[WhiteElo "2538"]
[BlackElo "2310"]
[Annotator "ChessBase"]
[PlyCount "82"]
[EventDate "2019.05.25"]
[EventType "tourn"]
[EventCountry "GER"]
[Tiebreak "Number of wins+Number of black wins"]
[SourceTitle "playchess.com"]
[Source "ChessBase"]
[SourceQuality "1"]
[TimeControl "180+2"]

1. Nf3 d5 2. d4 e6 3. c4 a6 4. cxd5 exd5 5. Nc3 Nf6 6. Bg5 Be6 7. e3 Nbd7 8. Bd3 h6 9. Bh4 g5 10. Bg3 Nh5 11. Qc2 Nxg3 12. hxg3 c6 13.
O-O-O Bg7 14. Kb1 Qe7 15. Rc1 O-O-O 16. Na4 Kb8 17. a3 Rc8 18. Nd2 Ka7 19. Nb3 Rc7 20. Nbc5 Nxc5 21. Nxc5 Bc8 22. Qa4 Qf6 23. Rc2 h5 24. Rhc1 Qe7 25. Qb3 h4 26. gxh4 Rxh4 27. g3 Rh6 28. Na4 Rd7 29. Nb6 Rd8 30. Rc5 Qf6 31. Nxd5 cxd5 32. Rxc8 Rxc8 33. Rxc8 Qxf2 34. Qc3 Qxe3 35. Bc2 Qxd4 36.
Qxd4+ Bxd4 37. Rc7 f5 38.
Rf7 Rf6 39. Rxf6 Bxf6 40. Bxf5 Be5 41. g4 a5 1/2-1/2

[Event "GER-ch Blitz 2019"]
[Site "Magdeburg"]
[Date "2019.05.25"]
[Round "8.14"]
[White "Krause, Benedict"]
[Black "Schulz, Karsten"]
[Result "1/2-1/2"]
[ECO "B09"]
[WhiteElo "2434"]
[BlackElo "2227"]
[Annotator "NA"]
[PlyCount "22"]
[EventDate "2019.05.25"]
[EventType "tourn"]
[EventCountry "GER"]
[Tiebreak "Number of wins+Number of black wins"]
[SourceTitle "playchess.com"]
[Source "ChessBase"]
[SourceQuality "1"]
[TimeControl "180+2"]

1. e4 g6 2. d4 Bg7 3. Nc3 d6 4. f4 Nf6 5. Nf3 O-O 6. e5 dxe5 7. fxe5 Nh5 8.
Be3 Bg4 9. Be2 c5 10. dxc5 Nc6 11. O-O Qb8 1/2-1/2

[Event "GER-ch Blitz 2019"]
[Site "Magdeburg"]
[Date "2019.05.25"]
[Round "8.15"]
[White "Carow, Johannes"]
[Black "Schneider, Ilja"]
[Result "1/2-1/2"]
[ECO "A05"]
[WhiteElo "2445"]
[BlackElo "2494"]
[Annotator "ChessBase"]
[PlyCount "22"]
[EventDate "2019.05.25"]
[EventType "tourn"]
[EventCountry "GER"]
[Tiebreak "Number of wins+Number of black wins"]
[SourceTitle "playchess.com"]
[Source "ChessBase"]
[SourceQuality "1"]
[TimeControl "180+2"]

1. Nf3 Nf6 2. g3 b5 3. Bg2 Bb7 4. Na3 a6 5. c4 b4 6. Nc2 e6 7. O-O Be7 8. a3 c5 9. axb4 cxb4 10. b3 d5 11. d3 O-O 1/2-1/2

[Event "GER-ch Blitz 2019"]
[Site "Magdeburg"]
[Date "2019.05.25"]
[Round "9.1"]
[White "Gustafsson, Jan"]
[Black "Ehmann, Thilo"]
[Result "1-0"]
[ECO "A31"]
[WhiteElo "2639"]
[BlackElo "2291"]
[Annotator "ChessBase"]
[PlyCount "83"]
[EventDate "2019.05.25"]
[EventType "tourn"]
[EventCountry "GER"]
[Tiebreak "Number of wins+Number of black wins"]
[SourceTitle "playchess.com"]
[Source "ChessBase"]
[SourceQuality "1"]
[TimeControl "180+2"]

1. Nf3 c5 2. c4 Nf6 3. d4 g6 4. Nc3 Bg7 5. e4 cxd4 6. Nxd4 O-O 7. Be2 d6 8. O-O Nc6 9. Nc2 Be6 10. Bd2 Rc8 11. Rc1 Nd7 12. b3 Nc5 13. f3 a6 14. Kh1 Rb8 15. Nd5 Nd4 16. Nxd4 Bxd4 17.
Ba5 Qxa5 18. Nxe7+ Kg7 19. Qxd4+ f6 20. Rc2 Rf7 21. Nd5 Qd8 22. Nf4 Bc8 23. Rd1 Rd7 24. Qxc5 dxc5 25. Ne6+ Kg8 26. Nxd8 Rxd1+ 27. Bxd1 Bd7 28. Nxb7 Rxb7 29. Rd2 Kf7 30. Kg1 Ke7 31. Kf2 Bc6 32. Ke3 a5 33. f4 a4 34. h4 Rb8 35. g4 axb3 36. axb3 Ra8 37. g5 fxg5 38. hxg5 Ra1 39. f5 Rc1 40. f6+ Ke8 41.
e5 Bd7 42. f7+ 1-0

[Event "GER-ch Blitz 2019"]
[Site "Magdeburg"]
[Date "2019.05.25"]
[Round "9.2"]
[White "Braeuer, Franz"]
[Black "Kopylov, Michael"]
[Result "0-1"]
[ECO "B03"]
[WhiteElo "2445"]
[BlackElo "2413"]
[Annotator "NA"]
[PlyCount "150"]
[EventDate "2019.05.25"]
[EventType "tourn"]
[EventCountry "GER"]
[Tiebreak "Number of wins+Number of black wins"]
[SourceTitle "playchess.com"]
[Source "ChessBase"]
[SourceQuality "1"]
[TimeControl "180+2"]

1. e4 Nf6 2. e5 Nd5 3. d4 d6 4. c4 Nb6 5. exd6 exd6 6. Nc3 Be7 7. Bd3 Nc6 8. Nge2 Bg4 9.
f3 Bh5 10. O-O Bg6 11. b3 Bf6 12. Be3 O-O 13. Bxg6 hxg6 14. d5 Ne5 15. Qd2 Re8 16. Rae1 Nexc4 17. bxc4 Nxc4 18. Qc1 Nxe3 19. Rf2 b5 20. Nxb5 Nxd5 21. Rd1 Ne3 22. Rd3 Nf5 23. Qxc7 Rb8 24. Qxd8 Bxd8 25. Nbd4 Bb6 26. g4 Nxd4 27. Nxd4 Rbc8 28. Kg2 Rc1 29. Rfd2 Ree1 30. Ne2 Rc6 31. Ng3 Ra1 32. Ne4 Bc7 33. Nxd6 Bxd6 34. Rxd6 Rxd6 35. Rxd6 Rxa2+ 36. Kg3 f6 37. Rd7 g5 38. h4 gxh4+ 39. Kxh4 Kh7 40. f4 Ra4 41. f5 Ra1 42. Rd8 a5 43. Ra8 a4 44. Kg3 a3 45.
Kg2 Kh6 46. Ra7 a2 47. Kh2 Kh7 48. Kg2 Kg8 49. Kh2 Kf8 50. Kg2 Ke8 51. Kh2 Kd8 52. Kg2 Kc8 53. Kh2 Kb8 54. Ra4 Kc7 55.
Kg2 Kc6 56. Ra8 Kd5 57. Ra4 Kc5 58. Ra7 Kd4 59. Ra4+ Ke3 60.
Kh2 Kf3 61. Ra3+ Kxg4 62. Ra5 Kf3 63. Ra3+ Kf4 64. Ra5 Kg4 65. Kg2 Re1 66. Rxa2 Kxf5 67. Ra7 g5 68. Ra4 Re3 69. Kf2 Rb3 70. Rc4 g4 71. Kg2 Kg5 72. Ra4 f5 73. Ra8 Rb2+ 74. Kg1 g3 75.
Ra4 f4 0-1

[Event "GER-ch Blitz 2019"]
[Site "Magdeburg"]
[Date "2019.05.25"]
[Round "9.3"]
[White "Kirchner, Thomas"]
[Black "Buhmann, Rainer"]
[Result "0-1"]
[ECO "C00"]
[WhiteElo "2311"]
[BlackElo "2573"]
[Annotator "ChessBase"]
[PlyCount "94"]
[EventDate "2019.05.25"]
[EventType "tourn"]
[EventCountry "GER"]
[Tiebreak "Number of wins+Number of black wins"]
[SourceTitle "playchess.com"]
[Source "ChessBase"]
[SourceQuality "1"]
[TimeControl "180+2"]

1. e4 e6 2. d4 d5 3. Bd3 dxe4 4. Bxe4 Nf6 5. Bf3 Nbd7 6. Ne2 Bd6 7. O-O O-O 8. c4 c6 9. Nbc3 e5 10. d5 cxd5 11. cxd5 a6 12. g3 Re8 13. Bg2 b5 14. Bg5 h6 15. Bxf6 Nxf6 16. a4 Bd7 17. axb5 axb5 18. Rxa8 Qxa8 19. Ne4 Nxe4 20. Bxe4 f5 21. Bg2 e4 22. Qb3 Rc8 23. Nd4 Qa4 24. Qxa4 bxa4 25. g4 g6 26. gxf5 gxf5 27. Bh3 Be5 28. Bxf5 Bxf5 29. Nxf5 Rf8 30. Ne7+ Kf7 31. d6 Bxb2 32. Nc6 Ke6 33. Rd1 Kd7 34. Nb4 a3 35. Rd5 Rb8 36. Na2 Rb6 37. Kg2 Rxd6 38. Ra5 Rd2 39. Ra7+ Ke6 40. Nb4 e3 41. Ra6+ Kf5 42. Ra5+ Ke4 43. Kg3 e2 44. Ra4 Rd4 45. f3+ Kf5 46. Kf2 Rxb4 47. Rxb4 e1=Q+ 0-1

[Event "GER-ch Blitz 2019"]
[Site "Magdeburg"]
[Date "2019.05.25"]
[Round "9.4"]
[White "Baskin, Robert"]
[Black "Heidrich, Manfred"]
[Result "1-0"]
[ECO "A80"]
[WhiteElo "2398"]
[BlackElo "2351"]
[Annotator "NA"]
[PlyCount "81"]
[EventDate "2019.05.25"]
[EventType "tourn"]
[EventCountry "GER"]
[Tiebreak "Number of wins+Number of black wins"]
[SourceTitle "playchess.com"]
[Source "ChessBase"]
[SourceQuality "1"]
[TimeControl "180+2"]

1. d4 f5 2. Bf4 Nf6 3. e3 d6 4. Nf3 g6 5. h3 Bg7 6. Be2 O-O 7. O-O Qe8 8. Bh2 Nbd7 9. Nc3 c6 10. a4 e5 11. dxe5 dxe5 12. Qd6 e4 13.
Ng5 Nb6 14. a5 Nbd5 15. Bc4 h6 16. Nxd5 cxd5 17. Bxd5+ Nxd5 18. Qxd5+ Kh8 19. a6 Qc6 20. Nf7+ Kh7 21. Qxc6 bxc6 22. Ne5 Be6 23. Rfd1 Bd5 24. c4 Bxe5 25. cxd5 Bxh2+ 26. Kxh2 cxd5 27. Rxd5 Rf7 28. Rad1 Rb8 29. Rd7 Kg7 30. Rxf7+ Kxf7 31. Rd7+ Kf6 32. Rb7 Ra8 33. h4 g5 34. hxg5+ hxg5 35. Kg3 Ke6 36. b4 Kd6 37. Rg7 Rb8 38. Rxg5 Ke6 39. Rg7 Rxb4 40. Rxa7 Ra4 41. Rh7 1-0

[Event "GER-ch Blitz 2019"]
[Site "Magdeburg"]
[Date "2019.05.25"]
[Round "9.5"]
[White "Svane, Frederik"]
[Black "Koch, Thomas"]
[Result "0-1"]
[ECO "B52"]
[WhiteElo "2342"]
[BlackElo "2474"]
[Annotator "ChessBase"]
[PlyCount "47"]
[EventDate "2019.05.25"]
[EventType "tourn"]
[EventCountry "GER"]
[Tiebreak "Number of wins+Number of black wins"]
[SourceTitle "playchess.com"]
[Source "ChessBase"]
[SourceQuality "1"]
[TimeControl "180+2"]

1. e4 c5 2. Nf3 d6 3. Bb5+ Bd7 4. c4 Nc6 5. Nc3 Nf6 6. d4 cxd4 7. Nxd4 e6 8. O-O Be7 9. Be3 O-O 10. Rc1 Rc8 11. f3 a6 12. Bxc6 Bxc6 13.
Nxc6 Rxc6 14. b3 Qc7 15. Qd2 Rc8 16. a4 Nd7 17. Rfd1 Ne5 18.
Bd4 h6 19. Qf2 Ng6 20. Rc2 Bg5 21. Be3 Bf6 22. Bd4 Ne5 23. Rcd2 Qa5 24. Ra2 0-1

[Event "GER-ch Blitz 2019"]
[Site "Magdeburg"]
[Date "2019.05.25"]
[Round "9.6"]
[White "Wichmann, Cliff"]
[Black "Schulze, Marc"]
[Result "0-1"]
[ECO "A53"]
[WhiteElo "2280"]
[BlackElo "2220"]
[Annotator "NA"]
[PlyCount "106"]
[EventDate "2019.05.25"]
[EventType "tourn"]
[EventCountry "GER"]
[Tiebreak "Number of wins+Number of black wins"]
[SourceTitle "playchess.com"]
[Source "ChessBase"]
[SourceQuality "1"]
[TimeControl "180+2"]

1. d4 Nf6 2. c4 d6 3. Nf3 Bf5 4. Nc3 h6 5. Nd2 Nbd7 6. e4 Bh7 7. f3 e5 8. Nb3 a5 9. Be3 Be7 10. Be2 a4 11. Nc1 a3 12. b3 Nh5 13. dxe5 dxe5 14. Nd3 Bg5 15.
Qd2 c6 16. O-O-O Bxe3 17. Qxe3 Qg5 18. Qd2 Qxd2+ 19. Rxd2 Ke7 20. Rhd1 Rhd8 21. Nb1 Nf4 22. Nxf4 exf4 23. Rd3 f5 24. e5 Bg8 25. Rd4 g5 26. Rd6 Be6 27. Kc2 h5 28. Kc3 g4 29. R1d4 Nxe5 30.
Rxd8 Rxd8 31. Rxd8 Kxd8 32. Nxa3 h4 33. h3 Ke7 34. Nc2 c5 35. a3 Bd7 36. Ne1 Bc6 37. b4 b6 38. bxc5 bxc5 39. fxg4 fxg4 40. Bf1 g3 41. Kd2 f3 42. Ke3 f2 43. Nc2 Nxc4+ 44. Bxc4 Bxg2 45. Kf4 Bxh3 46. Ne3 g2 47. Nxg2 Bxg2 48. Kg4 h3 49. Kg3 f1=Q 50. Bxf1 Bxf1 51. a4 Kd7 52. Kf2 Bg2 53. a5 Kc7 0-1

[Event "GER-ch Blitz 2019"]
[Site "Magdeburg"]
[Date "2019.05.25"]
[Round "9.7"]
[White "Zelbel, Patrick"]
[Black "Feuerstack, Aljoscha"]
[Result "0-1"]
[ECO "B22"]
[WhiteElo "2439"]
[BlackElo "2441"]
[Annotator "NA"]
[PlyCount "52"]
[EventDate "2019.05.25"]
[EventType "tourn"]
[EventCountry "GER"]
[Tiebreak "Number of wins+Number of black wins"]
[SourceTitle "playchess.com"]
[Source "ChessBase"]
[SourceQuality "1"]
[TimeControl "180+2"]

1. e4 c5 2. c3 Nf6 3. e5 Nd5 4. Bc4 e6 5. Nf3 d6 6. d4 cxd4 7. cxd4 Be7 8. O-O O-O 9. Qe2 b6 10. Bd2 Bb7 11. Nc3 dxe5 12. dxe5 Nd7 13. Ne4 Qc7 14. Rac1 Qb8 15. Ng3 Rd8 16. Bd3 Nc5 17. Bc2 Ba6 18. Qe1 Bxf1 19. Qxf1 Qb7 20. b4 Nd7 21. Qd3 Nf8 22. Qe4 Rac8 23. Nh5 Ng6 24. Re1 b5 25. h4 Rc4 26. Qd3 Nxb4 0-1

[Event "GER-ch Blitz 2019"]
[Site "Magdeburg"]
[Date "2019.05.25"]
[Round "9.8"]
[White "Voege, Tobias"]
[Black "Kopylov, Daniel"]
[Result "1-0"]
[ECO "D53"]
[WhiteElo "2294"]
[BlackElo "2263"]
[Annotator "NA"]
[PlyCount "85"]
[EventDate "2019.05.25"]
[EventType "tourn"]
[EventCountry "GER"]
[Tiebreak "Number of wins+Number of black wins"]
[SourceTitle "playchess.com"]
[Source "ChessBase"]
[SourceQuality "1"]
[TimeControl "180+2"]

1. d4 d5 2. c4 e6 3. Nc3 Nf6 4. Bg5 Be7 5. e3 O-O 6. cxd5 exd5 7. Bd3 c6 8. Nge2 Re8 9. O-O h6 10. Bh4 Nbd7 11. Qc2 Nf8 12. Rab1 a5 13. a3 Ne4 14. Bxe7 Qxe7 15. Bxe4 dxe4 16. d5 Bf5 17. dxc6 bxc6 18. Nd4 Qg5 19. Nce2 Ng6 20. Ng3 Nh4 21. Ndxf5 Nxf5 22. Nxe4 Qg6 23. Nc5 Re5 24. Rbc1 Rae8 25. Nd3 Re4 26. Nf4 Qg5 27. Qxc6 Nh4 28. g3 Nf3+ 29. Kg2 Nd2 30. Rfd1 Nb3 31. Rc3 a4 32. h4 Qg4 33. f3 Qf5 34. fxe4 Qg4 35. Re1 Nd2 36. Qxe8+ Kh7 37.
Re2 Qf3+ 38. Kh3 Nxe4 39. Rg2 Nf6 40. Qxf7 Qg4+ 41.
Kh2 Qd1 42. Qg6+ Kg8 43.
Rc8+ 1-0

[Event "GER-ch Blitz 2019"]
[Site "Magdeburg"]
[Date "2019.05.25"]
[Round "9.9"]
[White "Schmaltz, Roland"]
[Black "Braeuning, Rudolf Wilhelm"]
[Result "1/2-1/2"]
[ECO "B27"]
[WhiteElo "2461"]
[BlackElo "2285"]
[Annotator "ChessBase"]
[PlyCount "74"]
[EventDate "2019.05.25"]
[EventType "tourn"]
[EventCountry "GER"]
[Tiebreak "Number of wins+Number of black wins"]
[SourceTitle "playchess.com"]
[Source "ChessBase"]
[SourceQuality "1"]
[TimeControl "180+2"]

1. e4 c5 2. Nf3 g6 3. d4 cxd4 4. Nxd4 Nc6 5. Nb3 Nf6 6. Nc3 Bg7 7. Be2 a5 8. a4 O-O 9. O-O d6 10. Re1 Be6 11. Bf1 Bxb3 12. cxb3 e6 13.
f4 d5 14. e5 Nd7 15. Be3 Ndxe5 16. Bc5 Nd7 17. Bxf8 Bxf8 18. Kh1 Nf6 19. Rc1 h5 20. Be2 h4 21. Bf3 Bd6 22. Qd2 Kg7 23. Nb5 Bb4 24. Qf2 Bxe1 25. Rxe1 Ne4 26. Bxe4 dxe4 27. Rxe4 Qd1+ 28. Re1 Qxb3 29. Qxh4 Qxa4 30. Nc3 Qb4 31. Qf2 Rd8 32. h3 Qd4 33. Qf3 Qb4 34. Qf2 Qd4 35. Qf3 Qb4 36. Qf2 Qd4 37. Qf3 Qb4 1/2-1/2